[Event "Titled Tuesday Blitz January 18 2022"]
[White "Kavyev, Ruslan"]
[Black "Jakubowski, Krzysztof"]
[WhiteFideId "34110981"]
[BlackFideId "1112848"]
[WhiteElo "2182"]
[BlackElo "2365"]
[Result "1-0"]
[Round "06"]
[TimeControl "180+1"]
[Date "2022.01.18"]
[WhiteClock "0:00:24"]
[BlackClock "0:00:01"]

1. d4 Nf6 2. c4 e6 3. g3 d5 4. Nf3 Bb4+ 5. Nbd2 O-O 6. Bg2 dxc4 7. Qc2 a5 8. a3 Bxd2+ 9. Bxd2 b5 10. a4 bxa4 11. O-O Nd5 12. Rxa4 Nc6 13. Rxc4 Ncb4 14. Qd1 f6 15. Rc5 Ra7 16. Qb3 Bd7 17. Rfc1 Qb8 18. e4 Ne7 19. Bf4 Rc8 20. h4 Kh8 21. h5 h6 22. Nh4 Qb6 23. Qe3 Ng8 24. Ng6+ Kh7 25. e5 f5 26. g4 Nd5 27. Qg3 Nde7 28. R1c2 1-0


[Site "https://www.chess.com"]

[Event "Titled Tuesday Blitz January 18 2022"]
[White "Khumalo, Keith"]
[Black "Costachi, Mihnea"]
[WhiteFideId "14319470"]
[BlackFideId "1217518"]
[WhiteElo "1992"]
[BlackElo "2464"]
[Result "1-0"]
[Round "06"]
[TimeControl "180+1"]
[Date "2022.01.18"]
[WhiteClock "0:02:12"]
[BlackClock "0:00:26"]

1. d4 Nf6 2. c4 g6 3. Nc3 d5 4. Bg5 c6 5. Bxf6 exf6 6. cxd5 cxd5 7. e3 Nc6 8. h4 h5 9. Bd3 Bg4 10. Qb3 Nb4 11. Bb5+ Bd7 12. a3 Bxb5 13. Nxb5 Qa5 14. Nc3 Rc8 15. Rd1 Na6 16. Qxb7 Rxc3 17. bxc3 Qxc3+ 18. Kf1 Qc4+ 19. Ne2 Bxa3 20. Qa8+ Ke7 21. Qxh8 Nb4 22. Qb8 Nc6 23. Qc7+ Kf8 24. f3 a5 25. Kf2 Qb5 26. Rb1 Bb4 27. Rhc1 Ne7 28. Qd8+ Kg7 29. Qxe7 Bxe7 30. Rxb5 1-0


[Site "https://www.chess.com"]

[Event "Titled Tuesday Blitz January 18 2022"]
[White "Klenburg, Michael"]
[Black "Iljin, Timofey"]
[WhiteFideId "14102072"]
[BlackFideId "14110180"]
[WhiteElo "2359"]
[BlackElo "2396"]
[Result "0-1"]
[Round "06"]
[TimeControl "180+1"]
[Date "2022.01.18"]
[WhiteClock "0:00:48"]
[BlackClock "0:00:04"]

1. g3 f5 2. Bg2 Nf6 3. c4 g6 4. Nc3 Bg7 5. d3 O-O 6. Nf3 d6 7. O-O e5 8. Rb1 a5 9. a3 Qe8 10. b4 axb4 11. axb4 h6 12. Nd2 g5 13. Bb2 Qh5 14. e3 Qg6 15. Ra1 Rxa1 16. Qxa1 Nc6 17. b5 Ne7 18. Qa5 b6 19. Qa7 f4 20. Nce4 fxe3 21. fxe3 Nxe4 22. Rxf8+ Bxf8 23. Nxe4 d5 24. cxd5 Nxd5 25. Bxe5 Qf5 26. Bd4 Qd7 27. Qa8 Kf7 28. Nxg5+ hxg5 29. Qxd5+ Qxd5 30. Bxd5+ Kg6 31. Bc4 Bd7 32. e4 Bd6 33. Kg2 g4 34. Be3 Kf6 35. d4 Bb4 36. Bf4 c6 37. bxc6 Bxc6 38. d5 Bb7 39. h3 gxh3+ 40. Kxh3 Bc8+ 41. Kh4 Kg6 42. e5 Be7+ 43. Bg5 Bxg5# 0-1


[Site "https://www.chess.com"]

[Event "Titled Tuesday Blitz January 18 2022"]
[White "Klimkowski, Jan"]
[Black "Ozates, Tuna"]
[WhiteFideId "21856222"]
[BlackFideId "6354521"]
[WhiteElo "2172"]
[BlackElo "1872"]
[Result "1-0"]
[Round "06"]
[TimeControl "180+1"]
[Date "2022.01.18"]
[WhiteClock "0:00:08"]
[BlackClock "0:00:05"]

1. e4 e5 2. Nf3 Nc6 3. Bb5 d6 4. d4 exd4 5. Nxd4 Bd7 6. O-O g6 7. Nc3 Bg7 8. Be3 Nf6 9. f3 O-O 10. Be2 Re8 11. Nb3 a5 12. a4 Nb4 13. Qd2 Bc6 14. Rad1 Qd7 15. Nb5 b6 16. c3 Na6 17. Bc4 d5 18. exd5 Nxd5 19. Bf2 Rad8 20. Na7 Bb7 21. Nb5 Be5 22. g3 Qh3 23. Rfe1 Nf4 24. Bd4 Bxd4+ 25. N5xd4 Bxf3 26. Bxf7+ Kg7 27. Rxe8 Rxe8 28. Nxf3 Re2 29. Qd4+ Kf8 30. Qh8+ Ke7 31. Qd8+ Kxf7 32. Ng5+ Kg7 33. Nxh3 Nxh3+ 34. Kf1 Rf2+ 35. Ke1 Rf7 36. Rd7 Ng5 37. Rxf7+ Nxf7 38. Qe7 c5 39. Nd2 Nb8 40. Nf3 Nc6 41. Qc7 Nd8 42. Ng5 1-0


[Site "https://www.chess.com"]

[Event "Titled Tuesday Blitz January 18 2022"]
[White "Korchmar, Vasiliy"]
[Black "Romanchuk, Viktor"]
[WhiteFideId "24131750"]
[BlackFideId "14109271"]
[WhiteElo "2370"]
[BlackElo "2242"]
[Result "0-1"]
[Round "06"]
[TimeControl "180+1"]
[Date "2022.01.18"]
[WhiteClock "0:00:05"]
[BlackClock "0:00:14"]

1. d4 d5 2. Bf4 Nf6 3. e3 c5 4. Nf3 Nc6 5. Nbd2 Qb6 6. dxc5 Qxb2 7. Rb1 Qc3 8. Bb5 e6 9. O-O Bxc5 10. Be5 Qa5 11. Bxf6 gxf6 12. e4 dxe4 13. Nxe4 Be7 14. Nd6+ Kf8 15. Bxc6 bxc6 16. Nxc8 Rxc8 17. Rb7 Rc7 18. Qb1 Kg7 19. Nd4 Rhc8 20. Rb3 Qd5 21. Rh3 f5 22. Qc1 Kf8 23. Qh6+ Ke8 24. Qg7 Bf8 25. Qh8 Rd7 26. Rd3 Qe4 27. Rfd1 Rcd8 28. f3 Qd5 29. Nxf5 Qxf5 30. Rxd7 Rxd7 31. Rxd7 Qc5+ 32. Qd4 Qxd4+ 33. Rxd4 Bc5 34. c3 e5 0-1


[Site "https://www.chess.com"]

[Event "Titled Tuesday Blitz January 18 2022"]
[White "Kovalev, Egor"]
[Black "Kepeshchuk, Mykhaylo"]
[WhiteFideId "24124117"]
[BlackFideId "14113139"]
[WhiteElo "2243"]
[BlackElo "2279"]
[Result "0-1"]
[Round "06"]
[TimeControl "180+1"]
[Date "2022.01.18"]
[WhiteClock "0:00:09"]
[BlackClock "0:00:42"]

1. e4 c5 2. Nf3 d6 3. d4 cxd4 4. Nxd4 Nf6 5. Nc3 g6 6. f3 Bg7 7. Be3 O-O 8. Bc4 Nc6 9. Bb3 Nxd4 10. Qxd4 Be6 11. Qd2 Qa5 12. O-O-O Rac8 13. Kb1 Rc7 14. Nd5 Qxd2 15. Nxf6+ Bxf6 16. Rxd2 a6 17. Bxe6 fxe6 18. Bd4 b5 19. Bxf6 Rxf6 20. e5 dxe5 21. Re1 Rf5 22. Rd8+ Kf7 23. Ra8 Rc6 24. c3 Rd6 25. Kc2 g5 26. h3 h5 27. Re4 Kf6 28. Rf8+ Kg6 29. Rg8+ Kf7 30. Rh8 Kg6 31. b4 Rd5 32. Re8 Kf7 33. Rc8 Rf4 34. Re2 g4 35. hxg4 hxg4 36. fxg4 Rxg4 37. Rc6 Rd6 38. Rc5 Kf6 39. Rcxe5 Rxg2 40. Rxg2 Kxe5 41. Rg8 Kf6 42. a4 e5 43. a5 e4 44. c4 bxc4 45. Kc3 e3 46. Rg3 e2 47. Rf3+ Kg5 48. Re3 Rd3+ 49. Rxd3 cxd3 50. Kd2 Kf4 51. b5 Kf3 52. bxa6 Kf2 53. a7 e1=Q+ 54. Kxd3 Qe3+ 55. Kc4 Qxa7 56. Kd5 Qxa5+ 0-1


[Site "https://www.chess.com"]

[Event "Titled Tuesday Blitz January 18 2022"]
[White "Kucuksari, Kaan"]
[Black "Tsydypov, Zhamsaran"]
[WhiteFideId "6380166"]
[BlackFideId "4108566"]
[WhiteElo "2718"]
[BlackElo "2923"]
[Result "1-0"]
[Round "06"]
[TimeControl "180+1"]
[Date "2022.01.18"]
[WhiteClock "0:00:09"]
[BlackClock "0:02:21"]

1. d4 Nf6 2. c4 e6 3. g3 c5 4. d5 exd5 5. cxd5 b6 6. Bg2 Ba6 7. Nf3 Bd6 8. O-O O-O 9. Bg5 h6 10. Bxf6 Qxf6 11. Nc3 Re8 12. Re1 b5 13. Rc1 b4 14. Na4 Bb5 15. Nxc5 Qxb2 16. Nd4 Bxc5 17. Rxc5 Ba4 18. Qxa4 Qxd4 19. Rb5 Qc3 20. Qxb4 Qxb4 21. Rxb4 Na6 22. Rb5 d6 23. e4 Nc5 24. f4 f6 25. Re3 Rac8 26. h4 h5 27. Kh2 Rc7 28. e5 fxe5 29. fxe5 Nd7 30. exd6 Rcc8 31. Re6 Nf6 32. Rxe8+ Rxe8 33. Bh3 Re2+ 34. Kg1 Kf7 35. Be6+ Kg6 36. d7 Nxd7 37. Bxd7 Rxa2 38. d6 Kf6 39. Be8 Rd2 40. d7 1-0


[Site "https://www.chess.com"]

[Event "Titled Tuesday Blitz January 18 2022"]
[White "Lehtosaari, Mauri"]
[Black "Aloma Vidal, Robert"]
[WhiteFideId "501999"]
[BlackFideId "2260409"]
[WhiteElo "2489"]
[BlackElo "2435"]
[Result "1/2-1/2"]
[Round "06"]
[TimeControl "180+1"]
[Date "2022.01.18"]
[WhiteClock "0:00:07"]
[BlackClock "0:00:18"]

1. d4 d5 2. Nf3 Bf5 3. Bf4 e6 4. c3 Bd6 5. e3 Nf6 6. Qb3 b6 7. Nbd2 O-O 8. Be2 c5 9. Bxd6 Qxd6 10. Ne5 Nc6 11. f4 Ne4 12. Nxe4 Bxe4 13. O-O c4 14. Qa4 Nxe5 15. fxe5 Qc7 16. Bf3 Bd3 17. Rf2 a6 18. Be2 b5 19. Qd1 Bg6 20. Bh5 Bd3 21. Be2 Bxe2 22. Qxe2 a5 23. Raf1 b4 24. Qg4 bxc3 25. bxc3 Rab8 26. h4 a4 27. h5 h6 28. Rf3 Kh8 29. Rg3 Rg8 30. Rgf3 Rgf8 31. Rg3 Rg8 32. Rgf3 Rbf8 33. e4 Qb7 34. exd5 Qxd5 35. Rb1 a3 36. Kh2 f5 37. Qg6 Qe4 38. Rb4 Rb8 39. Rxb8 Rxb8 40. Qxe6 Qh4+ 41. Kg1 Qe1+ 42. Kh2 Qh4+ 43. Kg1 f4 44. Qf5 Rb1+ 45. Rf1 Rxf1+ 46. Kxf1 Qg3 47. Qf8+ Kh7 48. Qf5+ Kg8 49. Qe6+ Kh8 50. Qc8+ Kh7 51. Qf5+ Kg8 52. Qc8+ Kf7 53. Qd7+ Kg8 54. Qc8+ Kh7 55. Qf5+ 1/2-1/2


[Site "https://www.chess.com"]

[Event "Titled Tuesday Blitz January 18 2022"]
[White "Leiva, Gianmarco"]
[Black "Kim, Sergey"]
[WhiteFideId "3804399"]
[BlackFideId "13700570"]
[WhiteElo "2328"]
[BlackElo "2587"]
[Result "1-0"]
[Round "06"]
[TimeControl "180+1"]
[Date "2022.01.18"]
[WhiteClock "0:00:09"]
[BlackClock "0:00:40"]

1. e4 e5 2. Nf3 Nc6 3. Bc4 Bc5 4. O-O Nf6 5. d3 d6 6. c3 a6 7. Re1 Ba7 8. a4 h6 9. Bb3 O-O 10. h3 Nh5 11. Nbd2 Qf6 12. Nf1 Be6 13. Be3 Nf4 14. Bxa7 Rxa7 15. Bc2 Raa8 16. Ng3 Ne7 17. Nh2 Qg6 18. d4 Rad8 19. Qf3 h5 20. Kh1 Qg5 21. Rad1 h4 22. Ne2 Neg6 23. Nxf4 Nxf4 24. Nf1 g6 25. Ne3 Kg7 26. Rd2 c5 27. Red1 cxd4 28. cxd4 Rc8 29. dxe5 dxe5 30. Nd5 Nh5 31. Bb3 b5 32. a5 Rc5 33. Nb4 Bxb3 34. Qxb3 Rc4 35. Nxa6 Rxe4 36. Nc5 Rf4 37. Rd7 Rxf2 38. Ne6+ Kh6 39. Nxg5 Kxg5 40. Qe3+ Rf4 41. Qxe5+ f5 42. Qe7+ Rf6 43. R7d6 Re4 44. Qd8 f4 45. R1d5+ Kh6 46. Qh8# 1-0


[Site "https://www.chess.com"]

[Event "Titled Tuesday Blitz January 18 2022"]
[White "Levitskiy, Andrey"]
[Black "Tregubov, Pavel V."]
[WhiteFideId "14132885"]
[BlackFideId "4115341"]
[WhiteElo "2301"]
[BlackElo "2341"]
[Result "0-1"]
[Round "06"]
[TimeControl "180+1"]
[Date "2022.01.18"]
[WhiteClock "0:00:02"]
[BlackClock "0:00:21"]

1. e4 e6 2. d4 d5 3. Bd3 dxe4 4. Bxe4 Nf6 5. Bf3 Nbd7 6. Ne2 Bd6 7. Na3 e5 8. Bg5 h6 9. Bxf6 Qxf6 10. Nc4 O-O 11. Nxd6 cxd6 12. O-O Re8 13. dxe5 Nxe5 14. Bd5 Bg4 15. f3 Be6 16. Nc3 Nc4 17. Bxc4 Bxc4 18. Re1 d5 19. Qd2 Qb6+ 20. Kh1 Qxb2 21. Nxd5 Bxd5 22. Qxd5 Rad8 23. Qa5 Qxc2 24. Qxa7 Rxe1+ 25. Rxe1 Rd1 26. Rxd1 Qxd1+ 27. Qg1 Qc2 28. Qa1 b5 29. a3 Qb3 30. h3 f6 31. Qc1 Kf7 32. Qc7+ Kg6 33. Qc5 Qc4 34. Qe3 Kf5 35. Qe1 Qd3 36. Qc1 Ke5 37. Qc7+ Kd5 38. Qxg7 Qxa3 39. Qxf6 Qc1+ 40. Kh2 Qc7+ 41. f4 b4 42. Qf5+ Kd4 43. Qf6+ Kc4 44. Qe6+ Kc3 45. Qe3+ Kb2 46. Qd2+ Ka3 47. Qd3+ b3 48. Qa6+ Kb2 49. Qe2+ Qc2 50. Qe5+ Qc3 51. Qe2+ Kc1 52. Qf1+ Kc2 53. Qe2+ Qd2 54. Qc4+ Kb2 55. f5 Qd6+ 56. g3 Ka3 0-1


[Site "https://www.chess.com"]

[Event "Titled Tuesday Blitz January 18 2022"]
[White "Logozar, Elijah"]
[Black "Girya, Olga"]
[WhiteFideId "30963788"]
[BlackFideId "4195752"]
[WhiteElo "2413"]
[BlackElo "2275"]
[Result "0-1"]
[Round "06"]
[TimeControl "180+1"]
[Date "2022.01.18"]
[WhiteClock "0:01:55"]
[BlackClock "0:01:07"]

1. e4 c6 2. d4 d5 3. e5 Bf5 4. h4 h5 5. Bd3 Bxd3 6. Qxd3 Qa5+ 7. Nd2 e6 8. Nf3 Qa6 9. c4 Bb4 10. b3 Ne7 11. O-O Nd7 12. a4 c5 13. dxc5 Nxc5 14. Qc2 Rc8 15. cxd5 Nd3 16. Nc4 Nxc1 17. d6 Nxb3 18. Qxb3 Qxc4 19. Qxc4 Rxc4 20. dxe7 Kxe7 21. Rfd1 Rhc8 22. Rd3 Rc1+ 23. Rxc1 Rxc1+ 24. Kh2 Bc5 25. Rb3 b6 26. Kg3 Ra1 27. Kf4 f6 28. exf6+ gxf6 29. Kg3 Rxa4 0-1


[Site "https://www.chess.com"]

[Event "Titled Tuesday Blitz January 18 2022"]
[White "Lorparizangeneh, Shahin"]
[Black "Claridge-Hansen, William"]
[WhiteFideId "12521604"]
[BlackFideId "422509"]
[WhiteElo "2525"]
[BlackElo "2261"]
[Result "1-0"]
[Round "06"]
[TimeControl "180+1"]
[Date "2022.01.18"]
[WhiteClock "0:01:00"]
[BlackClock "0:00:03"]

1. e4 d5 2. exd5 Qxd5 3. Nc3 Qd6 4. d4 Nf6 5. Bc4 a6 6. Nf3 b5 7. Bb3 e6 8. Qe2 Bb7 9. Bg5 Nbd7 10. O-O-O Be7 11. d5 Nxd5 12. Nxd5 Bxd5 13. Bxd5 exd5 14. Rhe1 Nf6 15. Bxf6 Qxf6 16. Rxd5 c6 17. Rf5 Qh6+ 18. Kb1 Qd6 19. Rd1 Qe6 20. Re5 Qf6 21. Qe3 Rc8 22. Re1 Rc7 23. Qb6 Rd7 24. Qb8+ Rd8 25. Qc7 Rd7 26. Qb8+ Rd8 27. Rxe7+ Qxe7 28. Rxe7+ Kxe7 29. Qe5+ Kd7 30. Qxg7 Rhg8 31. Qxf7+ Kc8 32. a3 Rxg2 33. Ne5 Rg1+ 34. Ka2 Rd6 35. Qe8+ Kc7 36. Qe7+ Kb6 37. Qxd6 Re1 38. Qxc6+ Ka5 39. b4+ Ka4 40. Qxa6# 1-0


[Site "https://www.chess.com"]

[Event "Titled Tuesday Blitz January 18 2022"]
[White "Maghsoodloo, Parham"]
[Black "Donchenko, Alexander"]
[WhiteFideId "12539929"]
[BlackFideId "24603295"]
[WhiteElo "2926"]
[BlackElo "2729"]
[Result "1-0"]
[Round "06"]
[TimeControl "180+1"]
[Date "2022.01.18"]
[WhiteClock "0:01:18"]
[BlackClock "0:00:26"]

1. e4 c5 2. Nf3 d6 3. d4 cxd4 4. Nxd4 Nf6 5. Nc3 a6 6. Bg5 Nbd7 7. f4 Qc7 8. Qf3 h6 9. Bh4 g5 10. fxg5 hxg5 11. Bxg5 Qc5 12. Be3 Ne5 13. Qe2 Neg4 14. Bg1 Bh6 15. a3 Qb6 16. Nb3 Qc6 17. g3 Ne5 18. h3 Bd7 19. Bg2 Rc8 20. Bd4 Be6 21. Rd1 Rg8 22. Qf2 Nfd7 23. O-O Bc4 24. Rfe1 Qc7 25. g4 b5 26. Nd2 Be6 27. Nf1 Bg5 28. Ne3 Nf6 29. Rf1 Nc4 30. Ned5 Bxd5 31. Nxd5 Nxd5 32. Qxf7+ Kd7 33. exd5 Rcf8 34. Qe6+ Kd8 35. Rf5 Bf6 36. Rxf6 exf6 37. Bxf6+ Rxf6 38. Qxg8+ Kd7 39. Qg7+ 1-0


[Site "https://www.chess.com"]

[Event "Titled Tuesday Blitz January 18 2022"]
[White "Maksimovic, Bojan"]
[Black "Sjoberg, Isak"]
[WhiteFideId "14408120"]
[BlackFideId "1521640"]
[WhiteElo "2450"]
[BlackElo "2016"]
[Result "1-0"]
[Round "06"]
[TimeControl "180+1"]
[Date "2022.01.18"]
[WhiteClock "0:00:12"]
[BlackClock "0:00:14"]

1. d4 Nf6 2. c4 e6 3. Nf3 c5 4. d5 exd5 5. cxd5 d6 6. Nc3 g6 7. Nd2 Bg7 8. e4 O-O 9. Be2 Re8 10. O-O Na6 11. Re1 Nc7 12. h3 Rb8 13. a4 b6 14. Bf1 a6 15. Nc4 b5 16. Na5 Bd7 17. axb5 Nxb5 18. Nxb5 axb5 19. Nc6 Bxc6 20. dxc6 Nxe4 21. Qd5 Nf6 22. Rxe8+ Nxe8 23. Bf4 Rc8 24. Ra7 Rc7 25. Rxc7 Qxc7 26. Bxb5 Bxb2 27. Bc4 Bf6 28. g3 Kg7 29. h4 h6 30. Kg2 Bd8 31. Kh2 Qe7 32. Qf3 Bc7 33. Bd5 Nf6 34. Qd3 Qe1 35. Kg2 Qb4 36. Bf3 Qb6 37. Qc3 Qb3 38. Qxb3 1-0


[Site "https://www.chess.com"]

[Event "Titled Tuesday Blitz January 18 2022"]
[White "Manukyan, Artyom"]
[Black "Terletsky, Oleg"]
[WhiteFideId "13305786"]
[BlackFideId "14116774"]
[WhiteElo "2034"]
[BlackElo "2050"]
[Result "1-0"]
[Round "06"]
[TimeControl "180+1"]
[Date "2022.01.18"]
[WhiteClock "0:00:14"]
[BlackClock "0:00:10"]

1. e4 e5 2. Nf3 Nc6 3. Bb5 a6 4. Bxc6 dxc6 5. O-O f6 6. d4 exd4 7. Nxd4 c5 8. Nb3 Qxd1 9. Rxd1 Bd7 10. Nc3 O-O-O 11. Bf4 Be6 12. Rxd8+ Kxd8 13. Rd1+ Kc8 14. Nd5 Bxd5 15. Rxd5 b6 16. f3 Ne7 17. Rd1 g5 18. Bg3 Bg7 19. Kf2 f5 20. exf5 Nxf5 21. c3 Re8 22. Rd5 Ne3 23. Rxg5 Nd1+ 24. Kg1 Bh6 25. Rh5 Be3+ 26. Kf1 h6 27. Rf5 c4 28. Na1 Bc5 29. Re5 Rd8 30. Nc2 Rd2 31. Ke1 Rxc2 32. Kxd1 Rxg2 33. Re2 Rxe2 34. Kxe2 Kd7 35. Bf2 Bd6 36. Bg3 Bc5 37. h3 c6 38. Bf2 Bxf2 39. Kxf2 Ke6 40. Ke3 Ke5 41. f4+ Kd5 42. Kf3 h5 43. Kg3 Ke4 44. Kh4 Kxf4 45. Kxh5 Ke3 46. Kg5 Kd2 47. h4 Kc2 48. h5 Kxb2 49. h6 Kxc3 50. h7 Kb2 51. h8=Q+ c3 52. Qb8 b5 53. Qb6 c2 54. Qd4+ Kb1 55. Qb4+ Kxa2 56. Qc3 Kb1 57. Qb3+ Kc1 58. Kf4 Kd2 59. Qb4+ Kd1 60. Qd4+ Kc1 61. Ke3 Kb1 62. Qd3 a5 63. Kd2 b4 64. Qxc2+ Ka1 65. Kc1 a4 66. Qb2# 1-0


[Site "https://www.chess.com"]

[Event "Titled Tuesday Blitz January 18 2022"]
[White "Mokshanov, Alexey"]
[Black "Nesterov, Arseniy"]
[WhiteFideId "24121657"]
[BlackFideId "24198455"]
[WhiteElo "2141"]
[BlackElo "2489"]
[Result "0-1"]
[Round "06"]
[TimeControl "180+1"]
[Date "2022.01.18"]
[WhiteClock "0:00:07"]
[BlackClock "0:00:16"]

1. e4 e5 2. Nf3 Nc6 3. d4 exd4 4. Nxd4 Bb4+ 5. c3 Bc5 6. Be3 Bb6 7. Nd2 Nge7 8. Nc4 Bxd4 9. Bxd4 O-O 10. Be2 d5 11. exd5 Nxd5 12. O-O Nf4 13. Be3 Nxe2+ 14. Qxe2 Be6 15. Bf4 Qh4 16. g3 Qh3 17. Ne3 Rac8 18. Rfd1 Ne7 19. f3 Ng6 20. Ng2 Qh5 21. Qf2 Bh3 22. g4 Qb5 23. a4 Qc6 24. Qg3 Bxg2 25. Kxg2 Rfe8 26. Re1 Rxe1 27. Rxe1 Qxa4 28. Bxc7 Qc2+ 29. Kh3 Qxb2 30. Be5 Qb5 31. Bd4 h5 32. Kg2 Qg5 33. gxh5 Qxh5 34. Bxa7 Rxc3 35. Bd4 Rxf3 0-1


[Site "https://www.chess.com"]

[Event "Titled Tuesday Blitz January 18 2022"]
[White "Moskalenko, Alexander"]
[Black "Goltsev, Dmitry"]
[WhiteFideId "4155351"]
[BlackFideId "24176710"]
[WhiteElo "2515"]
[BlackElo "2273"]
[Result "1-0"]
[Round "06"]
[TimeControl "180+1"]
[Date "2022.01.18"]
[WhiteClock "0:00:10"]
[BlackClock "0:00:02"]

1. e4 e6 2. d4 d5 3. e5 c5 4. c3 Nc6 5. Nf3 Nge7 6. Na3 Nf5 7. Nc2 f6 8. exf6 Qxf6 9. Bd3 Bd7 10. Bg5 Qg6 11. O-O Bd6 12. dxc5 Bxc5 13. b4 Be7 14. Bxe7 Ncxe7 15. Ne5 Qf6 16. Nxd7 Kxd7 17. Nd4 Nxd4 18. cxd4 Nc6 19. Bb5 a6 20. Bxc6+ bxc6 21. Rc1 Rab8 22. Qa4 Rb6 23. Rfd1 Rhb8 24. a3 h5 25. Rc3 g5 26. Rdc1 Rc8 27. Qa5 Qxd4 28. Rc5 Rf8 29. Kh1 Qxf2 30. h3 Rfb8 31. Qa4 Rc8 32. Qa5 Rb5 33. Qxa6 Rxc5 34. Rxc5 Qe1+ 35. Kh2 g4 36. Qd3 Qe5+ 37. Kh1 Rf8 38. b5 Qe1+ 39. Kh2 Qe5+ 40. Kh1 Qe1+ 41. Kh2 Rf1 42. Qh7+ Kd6 43. Rxc6+ Ke5 44. Qxh5+ Kf6 45. Qh6+ Kf5 46. hxg4+ Kxg4 47. Qxe6+ Qxe6 48. Rxe6 Rb1 49. a4 Kf5 50. Rb6 d4 51. a5 Ke5 52. Rb8 d3 53. a6 d2 54. Rd8 Rxb5 55. Rxd2 Ra5 56. Rf2 Rxa6 57. g4 Rg6 58. Kg3 Rg8 59. Rf7 Ke6 60. Rf5 Rg7 61. Kh4 Rh7+ 62. Kg5 Rh8 63. Rf6+ Ke7 64. Rf4 Rg8+ 65. Kh6 Rh8+ 66. Kg7 Rh4 67. Kg6 Rh8 68. g5 Rg8+ 69. Kh6 Ke6 70. g6 Ke5 71. Rf1 Rh8+ 72. Kg5 Rh2 73. Re1+ Kd6 74. g7 Rg2+ 75. Kf6 Rf2+ 76. Kg6 Rg2+ 77. Kf7 Rf2+ 78. Kg8 Kd7 79. Re4 Re2 1-0


[Site "https://www.chess.com"]

[Event "Titled Tuesday Blitz January 18 2022"]
[White "Narayanan.S.L"]
[Black "Nyzhnyk, Illya"]
[WhiteFideId "5058422"]
[BlackFideId "14118084"]
[WhiteElo "2861"]
[BlackElo "2951"]
[Result "1/2-1/2"]
[Round "06"]
[TimeControl "180+1"]
[Date "2022.01.18"]
[WhiteClock "0:00:08"]
[BlackClock "0:00:08"]

1. c4 Nf6 2. Nc3 e6 3. e4 d6 4. d4 g6 5. Nf3 Bg7 6. Be2 O-O 7. O-O Nc6 8. d5 exd5 9. cxd5 Ne7 10. Be3 Ng4 11. Bd4 Ne5 12. Nxe5 dxe5 13. Bc5 Re8 14. Rc1 Bd7 15. Qb3 b6 16. Ba3 c5 17. Rfd1 a6 18. Qc2 Qc8 19. b4 c4 20. d6 Nc6 21. Bxc4 Nd4 22. Qd3 Qb8 23. Ne2 Qxd6 24. Nxd4 exd4 25. b5 Qf6 26. bxa6 b5 27. Bd5 Rxa6 28. Rc7 Qd8 29. Rb7 Be6 30. Bxe6 Raxe6 31. f3 f5 32. exf5 Re3 33. Qxb5 Rxa3 34. fxg6 hxg6 35. Rd7 Qc8 36. Qd5+ Kh8 37. h4 Ra5 38. Qf7 Rg8 39. Re1 d3 40. Kh2 Qb8+ 41. Kh3 d2 42. Rxd2 Qc8+ 43. Rd7 Ra7 44. Re7 Rxd7 45. Rxd7 Qc6 46. Re7 Qc1 47. Kh2 Qc2 48. Re6 Qxa2 49. h5 Qd2 50. Rxg6 Be5+ 51. Kh3 Rxg6 52. hxg6 Qh6+ 53. Kg4 Bg7 54. Kf5 Bf8 55. g4 Qg7 56. g5 Qxf7+ 57. gxf7 Kg7 58. g6 Be7 59. f4 Kf8 60. Ke6 Bd8 61. f5 Bh4 62. f6 Bxf6 63. Kxf6 1/2-1/2


[Site "https://www.chess.com"]

[Event "Titled Tuesday Blitz January 18 2022"]
[White "Nazaretyan, Tigran"]
[Black "Golizadeh, Asghar"]
[WhiteFideId "24162345"]
[BlackFideId "12505269"]
[WhiteElo "2192"]
[BlackElo "2403"]
[Result "1-0"]
[Round "06"]
[TimeControl "180+1"]
[Date "2022.01.18"]
[WhiteClock "0:00:45"]
[BlackClock "0:00:12"]

1. d4 Nf6 2. c4 e6 3. Nf3 Bb4+ 4. Bd2 Qe7 5. Nc3 Nc6 6. e3 d6 7. a3 Bxc3 8. Bxc3 O-O 9. Rc1 e5 10. d5 Nb8 11. Be2 Bg4 12. Nd2 Bxe2 13. Qxe2 Nbd7 14. b4 a5 15. O-O axb4 16. axb4 Ra2 17. Ra1 Rfa8 18. Rxa2 Rxa2 19. Ra1 Rxa1+ 20. Bxa1 Qd8 21. Nb3 Qa8 22. Qb2 Qa4 23. Nd2 Ne4 24. Nf1 Nb6 25. c5 Nc4 26. Qc1 Qa2 27. Qe1 h6 28. cxd6 cxd6 29. f3 Ned2 30. Nxd2 Nxd2 31. Bc3 Nc4 32. e4 b5 33. h3 Qc2 34. Qa1 Kh7 35. Qe1 Qd3 36. Kh2 Ne3 37. Kg1 g5 38. Bd2 Nc4 39. Bc1 Kg6 40. h4 f6 41. hxg5 fxg5 42. Kh2 h5 43. Qg3 Qc2 44. Qxg5+ Kf7 45. Qxh5+ Ke7 46. Bg5+ Kd7 47. Qf7+ Kc8 48. Qe6+ Kc7 49. Be7 Qd2 50. Bxd6+ Nxd6 51. Qe7+ Kc8 52. Qxd6 Qf4+ 53. Kh3 Qh6+ 54. Qxh6 1-0


[Site "https://www.chess.com"]

[Event "Titled Tuesday Blitz January 18 2022"]
[White "Nazari, Arad"]
[Black "Kaufman, Raymond"]
[WhiteFideId "12577324"]
[BlackFideId "2015056"]
[WhiteElo "2120"]
[BlackElo "2321"]
[Result "0-1"]
[Round "06"]
[TimeControl "180+1"]
[Date "2022.01.18"]
[WhiteClock "0:00:05"]
[BlackClock "0:00:19"]

1. Nf3 c5 2. b4 cxb4 3. a3 bxa3 4. Bxa3 Nf6 5. e4 d6 6. Nc3 g6 7. d4 Bg7 8. e5 dxe5 9. dxe5 Nfd7 10. Nd5 Nc6 11. Bb5 e6 12. Bxc6 exd5 13. Bxd5 Qa5+ 14. Kf1 Nb6 15. Bxf7+ Kxf7 16. Ng5+ Ke8 17. Qd6 Qb5+ 18. Kg1 Qxe5 19. Qd2 Qxa1+ 0-1


[Site "https://www.chess.com"]

[Event "Titled Tuesday Blitz January 18 2022"]
[White "Omariev, Maksim"]
[Black "Yuan, Qingyu"]
[WhiteFideId "4193423"]
[BlackFideId "8609772"]
[WhiteElo "2503"]
[BlackElo "2359"]
[Result "0-1"]
[Round "06"]
[TimeControl "180+1"]
[Date "2022.01.18"]
[WhiteClock "0:00:01"]
[BlackClock "0:00:32"]

1. e4 c6 2. d4 d5 3. exd5 cxd5 4. Bd3 Nc6 5. c3 Nf6 6. h3 e5 7. dxe5 Nxe5 8. Be2 Bc5 9. Nf3 Ng6 10. O-O O-O 11. Nbd2 h6 12. Nb3 Bb6 13. Nbd4 Ne4 14. Be3 Qf6 15. Nc2 Nf4 16. Bxf4 Qxf4 17. Qxd5 Rd8 18. Qh5 Ng3 19. Qb5 Nxf1 20. Kxf1 Bf5 21. Ncd4 Be4 22. a4 Rd5 23. Qb3 Rad8 24. Re1 Bxf3 25. Bxf3 R5d7 26. Ne2 Qh2 27. Ng3 Rd2 28. Re2 Rd1+ 29. Re1 Rxe1+ 30. Kxe1 Qg1+ 31. Nf1 Qxf2# 0-1


[Site "https://www.chess.com"]

[Event "Titled Tuesday Blitz January 18 2022"]
[White "Onyshchuk, Volodymyr"]
[Black "Macovei, Andrei"]
[WhiteFideId "14114038"]
[BlackFideId "13904680"]
[WhiteElo "2642"]
[BlackElo "2410"]
[Result "0-1"]
[Round "06"]
[TimeControl "180+1"]
[Date "2022.01.18"]
[WhiteClock "0:00:05"]
[BlackClock "0:01:02"]

1. g3 Nf6 2. Bg2 g6 3. d3 Bg7 4. Nd2 O-O 5. e3 c5 6. Ne2 Nc6 7. O-O b6 8. h3 Bb7 9. b3 Re8 10. Bb2 e5 11. a3 d5 12. Qb1 h5 13. Qa2 h4 14. g4 d4 15. Rae1 Bh6 16. Kh1 Nd5 17. b4 Nce7 18. Nc4 Qc7 19. Bc1 cxb4 20. e4 Bxc1 21. exd5 Bg5 22. d6 Bxg2+ 23. Kxg2 Qc6+ 24. Kg1 Nd5 25. axb4 b5 26. Nxe5 Rxe5 27. Nxd4 Qxd6 28. Nxb5 Qe7 29. Qa1 Bf6 30. Rxe5 Bxe5 31. d4 Bb8 32. Re1 Qb7 33. c4 a6 0-1


[Site "https://www.chess.com"]

[Event "Titled Tuesday Blitz January 18 2022"]
[White "Oparin, Grigoriy"]
[Black "Wong, Yinn Long"]
[WhiteFideId "24125890"]
[BlackFideId "5707684"]
[WhiteElo "2946"]
[BlackElo "2851"]
[Result "1-0"]
[Round "06"]
[TimeControl "180+1"]
[Date "2022.01.18"]
[WhiteClock "0:02:09"]
[BlackClock "0:00:08"]

1. g3 c5 2. Bg2 g6 3. c4 Bg7 4. Nc3 Nc6 5. b3 d6 6. Bb2 e5 7. e3 Nge7 8. Nge2 O-O 9. O-O Bg4 10. h3 Be6 11. Nd5 Qd7 12. Kh2 Rab8 13. Nec3 h6 14. d3 Kh7 15. a3 b6 16. b4 f5 17. b5 Nd8 18. Nxe7 Qxe7 19. Nd5 Bxd5 20. Bxd5 Ne6 21. Qe2 Nc7 22. Bc6 Rbd8 23. Rae1 d5 24. cxd5 Nxd5 25. e4 Nc7 26. exf5 Rxf5 27. f4 Ne6 28. Be4 Rff8 29. f5 Nd4 30. fxg6+ Kh8 31. Bxd4 cxd4 32. a4 Rc8 33. h4 Rxf1 34. Rxf1 Rf8 35. Rxf8+ Qxf8 36. Qc2 Qf1 37. Qc8+ Qf8 38. Qb7 Qf2+ 39. Bg2 e4 40. Qxe4 Be5 41. Qxe5+ 1-0


[Site "https://www.chess.com"]